 Dungeon Crawl Stone Soup version 0.31-a0-691-g409c26aa35 (webtiles) character file.

Game seed: 13657783714515966815

8316 qw the Skirmisher (level 11, -8/71 HPs)
             Began as a Gargoyle Hunter on Sept 6, 2023.
             Was a Priest of Okawaru.
             Mangled by a blink frog (11 damage)
             ... on level 1 of the Lair of Beasts.
             The game lasted 00:04:18 (9225 turns).

qw the Skirmisher (Gargoyle Hunter)                 Turns: 9225, Time: 00:04:18

Health: -8/71      AC: 17    Str: 14    XL:     11   Next: 29%
Magic:  12/14      EV: 17    Int: 11    God:    Okawaru [***...]
Gold:   167        SH:  0    Dex: 17    Spells: 10/10 levels left

rFire   . . .        Y - +0 orcbow
rCold   + . .        (shield currently unavailable)
rNeg    + . .        l - +1 robe of Daraitem {Will++ Stlth+}
rPois   inf          m - +2 hat
rElec   +            (no cloak)
rCorr   .            g - +0 pair of gloves
SInv    .            c - +1 pair of boots
Will    +++..        (no amulet)
Stlth   ++++         k - ring of protection from cold
HPRegen 0.31/turn    f - ring of willpower
MPRegen 0.14/turn

%: no passive effects
@: about to teleport, heroic
A: sickness immunity, AC +8, negative energy resistance 1, electricity
resistance, torment resistance 1, petrification resistance
a: Renounce Religion, Heroism


You were on level 1 of the Lair of Beasts.
You worshipped Okawaru.
Okawaru was most pleased with you.
You visited 3 branches of the dungeon, and saw 12 of its levels.

You collected 644 gold pieces.
You spent 477 gold pieces at shops.


Innate Abilities, Weirdness & Mutations

You are immune to sickness and miasma.
Your stone body is resilient. (AC +8)
You are immune to poison.
You resist negative energy. (rN+)
You are resistant to electric shocks. (rElec)
You are resistant to unholy torment.
You are immune to petrification.


   Skills:
 + Level 9.4(14.4) Fighting
 - Level 14.0(19.0) Ranged Weapons
 - Level 2.2(7.2) Armour
 - Level 4.2(9.2) Dodging
 - Level 1.1(6.1) Stealth
 - Level 4.1 Invocations


You had 10 spell levels left.
You didn't know any spells.
Your spell library was empty.

Inventory:

Hand Weapons
 Y - a +0 orcbow (weapon)
Armour
 c - a +1 pair of boots (worn)
 g - a +0 pair of gloves (worn)
 l - the +1 robe of Daraitem (worn) {Will++ Stlth+}
   (You bought it in a shop on level 7 of the Dungeon)

   Will++:    It greatly increases your willpower.
   Stlth+:    It makes you more stealthy.
 m - a +2 hat (worn)
 n - a +2 leather armour of cold resistance
Jewellery
 d - a ring of protection from cold
 f - a ring of willpower (right hand)
 k - a ring of protection from cold (left hand)
 p - a ring of resist corrosion
Scrolls
 a - 9 scrolls of identify
 e - 3 scrolls of teleportation
Potions
 b - 4 potions of enlightenment
 h - 2 potions of curing
 i - a potion of might
 j - 2 potions of heal wounds
 o - 2 potions of magic

Dungeon Overview and Level Annotations

Branches:
Dungeon (10/15)            Temple (1/1) D:4            Lair (1/5) D:10
    Orc (0/2) D:10

Altars:
Ashenzari
Cheibriados
Dithmenos
Elyvilon
Fedhas
Gozag
Hepliaklqana
Kikubaaqudgha
Makhleb
Nemelex Xobeh
Okawaru
Qazlal
Ru
Sif Muna
Trog
Uskayaw
Vehumet
Wu Jian
Xom
Yredelemnul
Zin
The Shining One

Shops:
D:4 *   D:7 (?*

Annotations:
D:4 1 runed translucent door, qw's ghost, amateur MiHs
D:6 2 runed translucent doors, qw's ghost, novice MiHs


Message History

You shoot an arrow. The arrow hits the komodo dragon!
The komodo dragon is almost dead.
The sentinel's mark upon you fades away.
The blink frog blinks!
The komodo dragon bites you!
You shoot an arrow.
The arrow hits the komodo dragon but does no damage.
The komodo dragon is almost dead.
A nearby fungus withers and dies.
Something hits the fungus!
The blink frog hits the plant.
The plant begins to die.
You shoot an arrow. The arrow hits the komodo dragon!
You kill the komodo dragon!
Okawaru accepts your kill.
You can now speed up your combat.
You feel like a meek peon again.
A nearby fungus withers and dies.
The blink frog blinks!
9221 ||| INVOKING Heroism.
You gain the combat prowess of a mighty hero.
You can no longer speed up your combat.
The cane toad barely misses you.
You shoot an arrow. The arrow closely misses the cane toad.
The arrow hits the water moccasin.
The water moccasin is lightly wounded.
The blink frog blinks!
The cane toad stings you!
A black bear comes into view.
You shoot an arrow. The arrow hits the cane toad.
The cane toad is lightly wounded.
The cane toad stings you but does no damage.
9224 |||
Found retreat position at -3,-1 (blink frog; floor) with 0 blocking monsters and 2 monsters attacking at destination at distance 3
9224 ||| Stepping ~*~*~tactically~*~*~ (retreating).
The black bear bites you but does no damage.
The black bear misses you. The black bear claws you.
The cane toad attacks as it pursues you!
The cane toad stings you!
The blink frog hits you but does no damage.
9225 |||
Found retreat position at 1,0 (cane toad; floor) with 0 blocking monsters and 3 monsters attacking at destination at distance 1
9225 ||| READING 4 scrolls of teleportation.
As you read the scroll of teleportation, it crumbles to dust.
You feel strangely unstable.
The black bear barely misses you. x2; The black bear completely misses you.
The cane toad closely misses you. The blink frog hits you!
You die...

.#.### #.. # ..... ..
#. #..# ..## #.
#.P####.#####..##.#.
#....................
##..##.........P##.#.
#....................
#.####FF.<..........
#.F@FSFYF...........
#..Fh##.Y.......[....
##...S..Y............
#.###.##P.......#.##
#. .................
#.##...#.#...##.####
# ........... ...
..........#.P..
..............


You could see 2 yaks, 2 cane toads, 4 blink frogs, 2 water moccasins, a black
bear and a bullfrog.

Vanquished Creatures
  Erica (D:8)
  A two-headed ogre (D:10)
  A gargoyle (D:10)
  Jeremiah (D:8)
  A kobold demonologist (D:7)
  3 komodo dragons
  Prince Ribbit (D:5)
  A shadow (D:10)
  Eustachio (D:4)
  4 yaks
  3 steam dragons
  Grum (D:10)
  Edmund (D:5)
  Duvessa (D:5)
  3 orc warriors
  An ice beast (D:6)
  2 black bears
  A sky beast (D:7)
  4 wolves (D:10)
  An ogre (D:5)
  4 centaurs
  A kobold brigand (D:8)
  6 bullfrogs
  Blork the orc (D:6)
  A gnoll sergeant (D:10)
  2 scorpions (D:6)
  10 wights
  Dowan (D:5)
  A howler monkey (D:6)
  A jelly (D:5)
  5 orc priests
  A hound (D:6)
  2 gnoll boudas
  Terence (D:2)
  Jessica (D:2)
  4 iguanas
  7 sleepcaps
  4 orc wizards
  16 gnolls
  6 adders
  2 white imps
  3 ufetubi
  3 worms
  4 dart slugs
  24 orcs
  2 ball pythons (D:2)
  6 bats
  6 endoplasms
  12 giant cockroaches
  12 goblins
  A hobgoblin (D:2)
  7 jackals
  2 quokkas (D:2)
  5 frilled lizards
  13 kobolds
  8 rats
218 creatures vanquished.

Notes
Turn   | Place    | Note
-------+----------+-------------------------------------------
     0 | D:1      | qw the Gargoyle Hunter began the quest for the Orb.
     0 | D:1      | Reached XP level 1. HP: 12/12 MP: 1/1
     0 | D:1      | 0 ||| qw: Version: 0.3-a-76-g4403597
     0 | D:1      | 0 ||| qw: Game counter: 218
     0 | D:1      | 0 ||| qw: Melee chars always use a shield: true
     0 | D:1      | 0 ||| qw: God list: Okawaru
     0 | D:1      | 0 ||| qw: Allow faded altars: false
     0 | D:1      | 0 ||| qw: Do Orc after clearing Dungeon:15 true
     0 | D:1      | 0 ||| qw: Do second Lair branch before Depths: true
     0 | D:1      | 0 ||| qw: Lair rune preference: random
     0 | D:1      | 0 ||| qw: Goals: Normal
     0 | D:1      | 0 ||| PLANNING D:1-11
   268 | D:1      | Reached XP level 2. HP: 17/17 MP: 2/2
   745 | D:1      | 745 ||| READING scroll labelled OMEGURRECVI.
   746 | D:1      | 746 ||| READING scroll labelled APUCZA YCZUQO.
   751 | D:1      | 751 ||| DRINKING 2 puce potions.
   856 | D:1      | 856 ||| DROPPING scroll of butterflies.
   857 | D:1      | 857 ||| DROPPING potion of berserk rage.
   869 | D:2      | 869 ||| STAIRDANCE
   936 | D:2      | Reached XP level 3. HP: 21/21 MP: 3/3
   938 | D:2      | 938 ||| READING scroll of enchant weapon.
   938 | D:2      | 938 ||| ENCHANTING +1 shortbow.
   964 | D:2      | Reached skill level 5 in Ranged Weapons
   987 | D:2      | Found a burning altar of Makhleb.
  1158 | D:2      | Noticed Jessica
  1162 | D:2      | Killed Jessica
  1163 | D:2      | Reached skill level 3 in Fighting
  1163 | D:2      | Reached XP level 4. HP: 28/28 MP: 4/4
  1172 | D:2      | Noticed Terence
  1182 | D:2      | Killed Terence
  1738 | D:2      | 1738 ||| UPGRADING to +0 ring mail.
  1748 | D:2      | 1748 ||| DROPPING +0 leather armour.
  1749 | D:2      | 1749 ||| DRINKING 2 pink potions.
  1750 | D:2      | 1750 ||| DROPPING potion of attraction.
  1773 | D:3      | Reached XP level 5. HP: 28/32 MP: 5/5
  1773 | D:3      | 1773 ||| STAIRDANCE
  1850 | D:3      | Reached skill level 1 in Armour
  2034 | D:3      | 2034 ||| Stepping ~*~*~tactically~*~*~ (outnumbered).
  2241 | D:3      | 2241 ||| READING 4 scrolls labelled NEODWA BALETHA.
  2242 | D:3      | 2242 ||| READING scroll labelled QYIVIZIBIUN.
  2243 | D:3      | 2243 ||| READING 3 scrolls of identify.
  2243 | D:3      | 2243 ||| IDENTIFYING metallic black potion
  2244 | D:3      | 2244 ||| READING 2 scrolls of identify.
  2244 | D:3      | 2244 ||| IDENTIFYING fuming ruby potion
  2245 | D:3      | 2245 ||| DROPPING potion of magic.
  2261 | D:4      | 2261 ||| RETREATING.
  2262 | D:4      | 2262 ||| RETREATING.
  2267 | D:4      | Reached skill level 6 in Ranged Weapons
  2275 | D:4      | Reached XP level 6. HP: 25/38 MP: 6/6
  2640 | D:4      | Found a staircase to the Ecumenical Temple.
  2641 | D:4      | 2641 ||| PLANNING TEMPLE
  2641 | D:4      | 2641 ||| UPGRADING to +0 pair of boots.
  2646 | D:4      | 2646 ||| READING 2 scrolls of identify.
  2646 | D:4      | 2646 ||| IDENTIFYING clear potion
  2652 | Temple   | Entered the Ecumenical Temple
  2653 | Temple   | 2653 ||| PLANNING OKAWARU WORSHIP
  2702 | Temple   | Became a worshipper of Warmaster Okawaru
  2703 | Temple   | 2703 ||| PLANNING D:1-11
  2787 | D:4      | Found Huiw's Gadget Gallery.
  2840 | D:4      | Found a runed translucent door.
  2841 | D:4      | Noticed qw's ghost (amateur MiHs)
  2844 | D:4      | 2844 ||| READING scroll of enchant weapon.
  2844 | D:4      | 2844 ||| ENCHANTING +2 shortbow.
  2853 | D:4      | Noticed a +0 dagger
  2854 | D:4      | Noticed a +0 hand axe
  2859 | D:4      | Found a hide-covered altar of Uskayaw.
  2895 | D:4      | Noticed Eustachio
  2917 | D:4      | Killed Eustachio
  2918 | D:4      | Reached skill level 7 in Ranged Weapons
  2918 | D:4      | Reached XP level 7. HP: 17/43 MP: 7/7
  3146 | D:4      | 3146 ||| READING scroll labelled IFEFROD QAACWI.
  3147 | D:4      | 3147 ||| DRINKING 2 lumpy silvery potions.
  3166 | D:5      | Entered Level 5 of the Dungeon
  3179 | D:5      | Noticed Edmund
  3200 | D:5      | HP: 4/43 [Edmund/+3 heavy flail (13)]
  3201 | D:5      | 3201 ||| READING 3 scrolls of teleportation.
  3202 | D:5      | 3202 ||| DRINKING potion of heal wounds.
  3203 | D:5      | Killed Edmund
  3204 | D:5      | Reached skill level 8 in Ranged Weapons
  3378 | D:5      | Reached * piety under Okawaru
  3409 | D:5      | 3409 ||| INVOKING Heroism.
  3411 | D:5      | Reached XP level 8. HP: 28/49 MP: 5/8
  3457 | D:5      | 3457 ||| FLEEEEING.
  3463 | D:5      | 3463 ||| FLEEEEING.
  3464 | D:5      | 3464 ||| FLEEEEING.
  3465 | D:5      | 3465 ||| FLEEEEING.
  3466 | D:5      | 3466 ||| FLEEEEING.
  3467 | D:5      | 3467 ||| FLEEEEING.
  3557 | D:5      | Noticed Prince Ribbit
  3577 | D:5      | Killed Prince Ribbit
  3578 | D:5      | Reached skill level 3 in Dodging
  3905 | D:5      | Noticed Dowan
  3906 | D:5      | 3906 ||| INVOKING Heroism.
  3906 | D:5      | Noticed Duvessa
  3912 | D:5      | Killed Duvessa
  3913 | D:5      | Reached skill level 1 in Invocations
  3915 | D:5      | Killed Dowan
  3998 | D:5      | 3998 ||| UPGRADING to +2 leather armour of cold resistance.
  4008 | D:5      | 4008 ||| DROPPING +0 ring mail.
  4009 | D:5      | 4009 ||| READING scroll labelled JAETIJETZU.
  4010 | D:5      | 4010 ||| READING scroll labelled EJE YM DA QUYN.
  4011 | D:5      | 4011 ||| READING 2 scrolls labelled MICAIMIG SENIE.
  4012 | D:5      | 4012 ||| READING scroll of brand weapon.
  4012 | D:5      | 4012 ||| BRANDING +3 shortbow of flaming.
  4013 | D:5      | 4013 ||| DRINKING 2 fizzy blue potions.
  4014 | D:5      | 4014 ||| READING 5 scrolls of identify.
  4014 | D:5      | 4014 ||| IDENTIFYING brown potion
  4015 | D:5      | 4015 ||| READING 4 scrolls of identify.
  4015 | D:5      | 4015 ||| IDENTIFYING bubbling dark potion
  4016 | D:5      | 4016 ||| DROPPING potion of degeneration.
  4017 | D:5      | 4017 ||| DROPPING potion of brilliance.
  4102 | D:6      | Found a runed translucent door.
  4103 | D:6      | Noticed qw's ghost (novice MiHs)
  4122 | D:6      | Noticed Blork the orc
  4123 | D:6      | 4123 ||| INVOKING Heroism.
  4127 | D:6      | 4127 ||| Stepping ~*~*~tactically~*~*~ (outnumbered).
  4128 | D:6      | Killed Blork the orc
  4134 | D:6      | 4134 ||| Stepping ~*~*~tactically~*~*~ (cloud).
  4143 | D:6      | Reached skill level 9 in Ranged Weapons
  4143 | D:6      | Reached skill level 3 in Invocations
  4148 | D:6      | 4148 ||| INVOKING Heroism.
  4374 | D:6      | Reached skill level 6 in Fighting
  4374 | D:6      | Reached XP level 9. HP: 55/55 MP: 12/12
  4404 | D:6      | Found a runed translucent door.
  4533 | D:6      | 4533 ||| READING scroll of enchant armour.
  4533 | D:6      | 4533 ||| ENCHANTING +0 pair of boots.
  4616 | D:6      | 4616 ||| UPGRADING to ring of resist corrosion.
  4625 | D:7      | Reached ** piety under Okawaru
  4644 | D:7      | Noticed a kobold demonologist
  4647 | D:7      | Killed a kobold demonologist
  4648 | D:7      | Reached skill level 10 in Ranged Weapons
  4741 | D:7      | Found Avamarr's Assorted Antiques.
  4749 | D:7      | 4749 ||| BUYING brass wand (88 gold).
  4749 | D:7      | Bought a brass wand for 88 gold pieces
  4749 | D:7      | 4749 ||| BUYING crooked fluorescent wand (88 gold).
  4749 | D:7      | Bought a crooked fluorescent wand for 88 gold pieces
  4749 | D:7      | 4749 ||| BUYING heavily jewelled robe (125 gold).
  4749 | D:7      | Bought a heavily jewelled robe for 125 gold pieces
  4749 | D:7      | Identified the +1 robe of Daraitem {Will++ Stlth+} (You
                  | bought it in a shop on level 7 of the Dungeon)
  4749 | D:7      | 4749 ||| BUYING potion of enlightenment (110 gold).
  4749 | D:7      | Bought a potion of enlightenment for 110 gold pieces
  4749 | D:7      | 4749 ||| SHOPLISTING runed helmet (165 gold, have 51).
  4749 | D:7      | 4749 ||| BUYING scroll of identify (44 gold).
  4749 | D:7      | Bought a scroll of identify for 44 gold pieces
  4850 | D:7      | 4850 ||| INVOKING Heroism.
  5020 | D:7      | Found Burchaw's Magic Scroll Shop.
  5025 | D:7      | 5025 ||| SHOPLISTING 2 scrolls of teleportation (66 gold,
                  | have 27).
  5025 | D:7      | 5025 ||| SHOPLISTING scroll of acquirement (572 gold, have
                  | 27).
  5025 | D:7      | 5025 ||| BUYING scroll of identify (22 gold).
  5025 | D:7      | Bought a scroll of identify for 22 gold pieces
  5025 | D:7      | 5025 ||| SHOPLISTING scroll of identify (22 gold, have 5).
  5051 | D:7      | 5051 ||| READING scroll of enchant weapon.
  5051 | D:7      | 5051 ||| ENCHANTING +3 shortbow of draining.
  5100 | D:7      | 5100 ||| FLEEEEING.
  5103 | D:7      | 5103 ||| FLEEEEING.
  5166 | D:7      | Found Tetuon's Antique Weapon Shoppe.
  5175 | D:7      | 5175 ||| SHOPLISTING glowing orcbow (130 gold, have 50).
  5196 | D:7      | 5196 ||| READING scroll of enchant weapon.
  5196 | D:7      | 5196 ||| ENCHANTING +4 shortbow of draining.
  5411 | D:7      | 5411 ||| INVOKING Heroism.
  5440 | D:7      | 5440 ||| FLEEEEING.
  5444 | D:7      | 5444 ||| STAIRDANCE
  5464 | D:6      | 5464 ||| UPGRADING to +1 hat.
  5469 | D:6      | 5469 ||| READING scroll labelled SUHANYU POFO.
  5470 | D:6      | 5470 ||| DROPPING wand of polymorph (1).
  5471 | D:6      | 5471 ||| DROPPING wand of flame (6).
  5719 | D:8      | 5719 ||| RETREATING.
  5720 | D:8      | 5720 ||| INVOKING Heroism.
  5727 | D:8      | 5727 ||| Stepping ~*~*~tactically~*~*~ (outnumbered).
  5741 | D:8      | Reached skill level 11 in Ranged Weapons
  5869 | D:8      | 5869 ||| READING scroll of enchant armour.
  5869 | D:8      | 5869 ||| ENCHANTING +1 hat.
  5949 | D:8      | Noticed Erica
  5950 | D:8      | 5950 ||| INVOKING Heroism.
  5960 | D:8      | Killed Erica
  5960 | D:8      | Reached *** piety under Okawaru
  5961 | D:8      | Reached skill level 9 in Fighting
  5961 | D:8      | Reached XP level 10. HP: 42/66 MP: 11/13
  6411 | D:8      | Noticed Jeremiah
  6416 | D:8      | 6416 ||| INVOKING Heroism.
  6425 | D:8      | 6425 ||| UPGRADING to +0 pair of gloves.
  6430 | D:8      | 6430 ||| FLEEEEING.
  6445 | D:8      | 6445 ||| FLEEEEING.
  6446 | D:8      | 6446 ||| FLEEEEING.
  6447 | D:8      | 6447 ||| FLEEEEING.
  6448 | D:8      | 6448 ||| FLEEEEING.
  6449 | D:8      | 6449 ||| FLEEEEING.
  6462 | D:8      | 6462 ||| FLEEEEING.
  6463 | D:8      | 6463 ||| FLEEEEING.
  6464 | D:8      | 6464 ||| FLEEEEING.
  6465 | D:8      | 6465 ||| FLEEEEING.
  6477 | D:8      | 6477 ||| FLEEEEING.
  6480 | D:8      | 6480 ||| STAIRDANCE
  6557 | D:7      | 6557 ||| UPGRADING to ring of willpower.
  6558 | D:7      | 6558 ||| UPGRADING to ring of protection from cold.
  6560 | D:7      | 6560 ||| UPGRADING to +1 robe of Daraitem {Will++ Stlth+}.
  6572 | D:8      | 6572 ||| STAIRDANCE
  6646 | D:8      | Killed Jeremiah
  7322 | D:9      | 7322 ||| SWAPPING to +0 orcbow.
  7355 | D:9      | 7355 ||| DROPPING +5 shortbow of draining.
  7368 | D:9      | 7368 ||| Stepping ~*~*~tactically~*~*~ (outnumbered).
  7369 | D:9      | 7369 ||| Stepping ~*~*~tactically~*~*~ (outnumbered).
  7370 | D:9      | 7370 ||| Stepping ~*~*~tactically~*~*~ (outnumbered).
  7371 | D:9      | 7371 ||| Stepping ~*~*~tactically~*~*~ (outnumbered).
  7372 | D:9      | 7372 ||| Stepping ~*~*~tactically~*~*~ (outnumbered).
  7373 | D:9      | 7373 ||| Stepping ~*~*~tactically~*~*~ (outnumbered).
  7374 | D:9      | 7374 ||| Stepping ~*~*~tactically~*~*~ (outnumbered).
  7375 | D:9      | 7375 ||| Stepping ~*~*~tactically~*~*~ (outnumbered).
  7536 | D:9      | 7536 ||| INVOKING Heroism.
  7675 | D:9      | 7675 ||| READING scroll labelled FEDICA WEBOC.
  7725 | D:10     | Entered Level 10 of the Dungeon
  7731 | D:10     | Reached skill level 12 in Ranged Weapons
  7772 | D:10     | 7772 ||| INVOKING Heroism.
  7779 | D:10     | 7779 ||| RETREATING.
  7786 | D:10     | 7786 ||| STAIRDANCE
  7852 | D:10     | 7852 ||| INVOKING Heroism.
  7857 | D:10     | 7857 ||| STAIRDANCE
  7977 | D:10     | 7977 ||| INVOKING Heroism.
  7994 | D:10     | 7994 ||| STAIRDANCE
  8044 | D:10     | 8044 ||| RETREATING.
  8049 | D:10     | 8049 ||| Stepping ~*~*~tactically~*~*~ (retreating).
  8052 | D:10     | 8052 ||| Stepping ~*~*~tactically~*~*~ (retreating).
  8064 | D:10     | 8064 ||| INVOKING Heroism.
  8348 | D:10     | 8348 ||| INVOKING Heroism.
  8383 | D:10     | Found a flagged portal.
  8391 | D:10     | 8391 ||| INVOKING Heroism.
  8431 | D:10     | Noticed Grum
  8432 | D:10     | 8432 ||| RETREATING.
  8449 | D:10     | Reached skill level 13 in Ranged Weapons
  8452 | D:10     | 8452 ||| Stepping ~*~*~tactically~*~*~ (retreating).
  8471 | D:10     | 8471 ||| Stepping ~*~*~tactically~*~*~ (retreating).
  8474 | D:10     | 8474 ||| Stepping ~*~*~tactically~*~*~ (retreating).
  8483 | D:10     | 8483 ||| INVOKING Heroism.
  8488 | D:10     | Reached XP level 11. HP: 29/71 MP: 11/14
  8677 | D:10     | 8677 ||| INVOKING Heroism.
  8792 | D:10     | Found a staircase to the Orcish Mines.
  8839 | D:10     | Noticed a two-headed ogre
  8840 | D:10     | 8840 ||| INVOKING Heroism.
  8852 | D:10     | Killed a two-headed ogre
  8852 | D:10     | Reached **** piety under Okawaru
  8938 | D:10     | 8938 ||| INVOKING Heroism.
  8941 | D:10     | Killed Grum
  9130 | D:10     | Found a staircase to the Lair.
  9131 | D:10     | 9131 ||| INVOKING Heroism.
  9156 | D:10     | 9156 ||| PLANNING LAIR
  9169 | Lair:1   | Entered Level 1 of the Lair of Beasts
  9176 | Lair:1   | 9176 ||| RETREATING.
  9179 | Lair:1   | 9179 ||| Stepping ~*~*~tactically~*~*~ (retreating).
  9180 | Lair:1   | 9180 ||| Stepping ~*~*~tactically~*~*~ (retreating).
  9181 | Lair:1   | 9181 ||| Stepping ~*~*~tactically~*~*~ (retreating).
  9182 | Lair:1   | 9182 ||| Stepping ~*~*~tactically~*~*~ (retreating).
  9183 | Lair:1   | 9183 ||| Stepping ~*~*~tactically~*~*~ (retreating).
  9184 | Lair:1   | 9184 ||| Stepping ~*~*~tactically~*~*~ (retreating).
  9188 | Lair:1   | 9188 ||| INVOKING Heroism.
  9218 | Lair:1   | Reached skill level 14 in Ranged Weapons
  9221 | Lair:1   | 9221 ||| INVOKING Heroism.
  9224 | Lair:1   | 9224 ||| Stepping ~*~*~tactically~*~*~ (retreating).
  9224 | Lair:1   | HP: 3/71 [cane toad (16)]
  9225 | Lair:1   | 9225 ||| READING 4 scrolls of teleportation.
  9225 | Lair:1   | Mangled by a blink frog

Levels and vault maps discovered:
D:1:      dpeg_arrival_three_same_balls, layout_loops_ring,
          serial_bayou_lagoon_b
D:2:      layout_rooms, serial_rivers, chequers_serial_rivers_room_b,
          chequers_serial_rivers_small_3, chequers_serial_rivers_micro_d,
          chequers_serial_rivers_micro_b, chequers_serial_rivers_micro_a,
          basic_altar, minmay_misc_feat_iff, uniq_jessica, uniq_terence
D:3:      minmay_roachtagon, layout_rooms
D:4:      layout_cave_pools, dancing_weapons_uskayaw,
          minmay_temple_entry_enclosed_plants, ebering_ghost_reflecting_pool,
          nicolae_shop_gadgets, uniq_eustachio
D:5:      layout_loops_ring, uniq_prince_ribbit1, uniq_duvessa, uniq_edmund
D:6:      lemuel_ice_spiral_2, layout_basic, ebering_ghost_sewer_f,
          uniq_blork_the_orc
D:7:      layout_loops_ring, serial_shops, shop, shop_statue,
          nicolae_shop_real_fake_doors, hellmonk_no_cap
D:8:      layout_basic, chequers_avenue, minmay_door_square, uniq_erica,
          uniq_jeremiah
D:9:      layout_grid_maze
D:10:     layout_long_grid, grunt_lair_entry_orc_guard_hut, orc_0_dummy,
          enter_bailey_3, uniq_grum
Temple:   mainiacjoe_temple_archimedes_tessellation
Lair:1:   layout_long_grid, serial_bayou_shore_a

Skill      XL: |  1  2  3  4  5  6  7  8  9 10 11 |
---------------+----------------------------------+-----
Ranged Weapons | 5 6 7 8 9 11 13 14 | 14.0
Fighting       | 3 4 5 6 9 |  9.4
Armour         | 1 2 |  2.2
Dodging        | 3 4 |  4.2
Invocations    | 4 |  4.1
Stealth        | |  1.1

Action                     |  1- 3 |  4- 6 |  7- 9 | 10-12 || total
---------------------------+-------+-------+-------+-------++-------
   Fire: Shortbow          |   101 |   187 |   319 |    20 ||   627
         Orcbow            |       |       |       |   283 ||   283
 Invoke: Heroism           |       |       |     8 |    15 ||    23
    Use: Scroll            |     3 |     6 |    13 |     2 ||    24
         Potion            |     1 |     1 |     3 |       ||     5
 Armour: Leather armour    |    40 |    14 |    50 |     1 ||   105
         Ring mail         |       |    72 |    28 |       ||   100
         Robe              |       |       |       |   130 ||   130
  Dodge: Dodged            |    40 |    79 |    81 |   123 ||   323

Table legend:
 A = Non-vault XP
 B = Vault XP
 C = Vault XP percentage of total XP
 D = Non-vault monster count
 E = Vault monster count
 F = Vault count percentage of total count
                 A         B        C        D         E       F
            +---------+---------+-------+---------+---------+-------
      Total |    7393 |    4487 |  37.8 |     179 |      39 |  17.9
            +---------+---------+-------+---------+---------+-------
        D:1 |      25 |       0 |   0.0 |      17 |       0 |   0.0
        D:2 |      62 |      75 |  54.7 |      26 |       2 |   7.1
        D:3 |      74 |      20 |  21.3 |      13 |      10 |  43.5
        D:4 |     243 |     217 |  47.2 |      24 |       1 |   4.0
        D:5 |     385 |     640 |  62.4 |      11 |       4 |  26.7
        D:6 |     816 |      90 |   9.9 |      17 |       1 |   5.6
        D:7 |    1110 |     148 |  11.8 |      15 |       4 |  21.1
        D:8 |     585 |    1252 |  68.2 |      17 |       2 |  10.5
        D:9 |     905 |     710 |  44.0 |      17 |       2 |  10.5
       D:10 |    2212 |    1335 |  37.6 |      17 |      13 |  43.3
     Lair:1 |     976 |       0 |   0.0 |       5 |       0 |   0.0
            +---------+---------+-------+---------+---------+-------
